 Dungeon Crawl Stone Soup version 0.28.0-53-g5a82cb258f (webtiles) character file.

Game seed: 1759642247213476927

85 CryoSword the Skirmisher (level 4, 0/37 HPs)
             Began as a Demonspawn Monk on May 24, 2022.
             Killed by divine providence
             ... invoked by an orc priest
              (8 damage)
             ... on level 2 of the Dungeon.
             The game lasted 00:02:23 (1877 turns).

CryoSword the Skirmisher (Demonspawn Monk)          Turns: 1877, Time: 00:02:24

Health: 0/37       AC:  3    Str: 13    XL:     4   Next: 25%
Magic:  4/4        EV: 12    Int: 12    God:
Gold:   117        SH:  0    Dex: 15    Spells: 3/3 levels left

rFire   . . .      SeeInvis .   a - +0 spear
rCold   . . .      Faith    .   (no shield)
rNeg    . . .      Spirit   .   j - +0 leather armour
rPois   .          Reflect  .   (no helmet)
rElec   .          Harm     .   (no cloak)
rCorr   .          Rampage  .   (no gloves)
Will    .....                   (no boots)
Stlth   ++........              (no amulet)
HPRegen 0.12/turn               (no ring)
MPRegen 0.09/turn               (no ring)

@: no status effects
A: demonic touch 2
a: no special abilities


You were on level 2 of the Dungeon.
You visited 1 branch of the dungeon, and saw 3 of its levels.

You collected 117 gold pieces.

Inventory:

Hand Weapons
 a - a +0 spear (weapon)
Missiles
 e - 4 boomerangs (quivered)
Armour
 j - a +0 leather armour (worn)
   (You found it on level 2 of the Dungeon)
Scrolls
 c - a scroll of identify {unknown}
 f - a scroll of magic mapping {unknown}
 g - a scroll of enchant weapon {unknown}
 k - a scroll of immolation {unknown}
Potions
 b - a potion of curing {unknown}
 d - a potion of attraction {unknown}
 h - a potion of heal wounds {unknown}
 i - a potion of brilliance {unknown}


   Skills:
 + Level 3.8 Fighting
 - Level 2.6 Polearms
 + Level 3.4 Dodging
 + Level 2.9 Stealth


You had 3 spell levels left.
You didn't know any spells.
Your spell library was empty.

Dungeon Overview and Level Annotations

Branches:
Dungeon (3/15)

Altars:

Shops:
D:2 =


Innate Abilities, Weirdness & Mutations

Your touch may inflict irresistible damage on your foes.


Message History

There is an open door here.
Could not explore, unopened door.
Could not explore, unopened door.
You open the door.
There is an open door here.
A worm comes into view.
A worm is nearby!
A worm is nearby!
A worm is nearby!
You reach to attack!
You hit the worm. You hit the worm.
You touch the worm.
You hit the worm. Your touch misses the worm. The worm bites you.
You hit the worm. You hit the worm.
You kill the worm!
You have reached level 4!
You feel clever.
Your demonic ancestry asserts itself...
Your hands glow brighter with unholy energy.
Found a stone staircase leading down.
Found 24 stones.
You now have 93 gold pieces (gained 10).
You now have 106 gold pieces (gained 13).
Could not explore, unopened door.
No target in view!
You open the door.
There is an open door here.
There is an open door here.
Found Duod's One-of-a-Kind Rings.
An adder comes into view.
The adder hisses angrily.
An adder is nearby!
You reach to attack!
You completely miss the adder. You hit the adder but do no damage.
The adder bites you.
You miss the adder. Your touch misses the adder.
The adder barely misses you. x2
You hit the adder. The adder closely misses you.
You hit the adder. The adder bites you.
You miss the adder.
You touch the adder.
You kill the adder!
No target in view!
No target in view!
There is an entrance to Duod's One-of-a-Kind Rings here.
Found a ring mail.
There is an open door here.
A dart slug comes into view.
A dart slug is nearby!
A dart slug is nearby!
Found a dagger.
You reach to attack!
The helpless dart slug fails to defend itself.
You hit the dart slug.
You reach to attack!
You hit the dart slug but do no damage. You hit the dart slug.
The dart slug closely misses you.
You hit the dart slug but do no damage.
You touch the dart slug.
You kill the dart slug!
No target in view!
No target in view!
No target in view!
No target in view!
No target in view!
No target in view!
No target in view!
You see here a +0 dagger.
A rat comes into view.
A rat is nearby!
A rat is nearby!
A rat is nearby!
You hit the rat.
You kill the rat!
No target in view!
No target in view!
No target in view!
No target in view!
No target in view!
No target in view!
No target in view!
No target in view!
You now have 117 gold pieces (gained 11).
A ball python comes into view.
A ball python is nearby!
A ball python is nearby!
A ball python is nearby!
You reach to attack!
The helpless ball python fails to defend itself.
You hit the ball python. You barely miss the ball python.
You touch the ball python.
You kill the ball python!
No target in view!
No target in view!
No target in view!
No target in view!
No target in view!
No target in view!
No target in view!
You see here a ball python corpse.
You see here a ball python corpse.
There is an open door here.
Could not explore, unopened door.
Could not explore, unopened door.
No target in view!
You open the door.
There is an open door here.
There is an open door here.
Found 20 sling bullets.
You see here 20 sling bullets.
Could not explore, unopened door.
Could not explore, unopened door.
You open the door.
There is an open door here.
Things that are here:
a +0 hunting sling; a +0 club; 25 stones Done exploring.
Done exploring.
Done exploring.
There is a stone staircase leading down here.
You climb downwards.
Found a stone staircase leading down.
There is a stone staircase leading up here.
There are monsters nearby!
There are monsters nearby!
The helpless orc priest fails to defend itself.
You hit the orc priest.
The orc priest hits you with a +0 dagger.
The orc shouts!
The orc shouts! x2
The orc priest barely misses you. The orc barely misses you.
The orc shouts!
You climb upwards.
There is a stone staircase leading down here.
You completely miss the orc priest. You closely miss the orc priest.
Your touch misses the orc priest.
The orc priest calls down the wrath of Beogh upon you.
Beogh smites you!
* * * LOW HITPOINT WARNING * * *
The orc hits you with a +0 hand axe.
* * * LOW HITPOINT WARNING * * *
You hit the orc priest but do no damage.
Your touch misses the orc priest. The orc priest completely misses you.
The orc hits you but does no damage.
You hit the orc priest.
The orc priest hits you with a +0 dagger.
* * * LOW HITPOINT WARNING * * *
The orc hits you with a +0 hand axe.
* * * LOW HITPOINT WARNING * * *
You hit the orc priest. Your touch misses the orc priest.
The orc priest barely misses you. The orc hits you with a +0 hand axe.
* * * LOW HITPOINT WARNING * * *
You hit the orc priest but do no damage.
The orc priest mumbles some strange prayers to Beogh against you.
Beogh smites you!
You die...

#....#....#.#.##.###......# #....
......<.......##[#........# #.##.
..............##.#........###.##.
.....##.#...#.##.#...##'#.##....)
............####.#...##.#.###.##.
####.##.#...##.#.#...##.#.# #.##.
......#.#...##)#..........###.##.
................o######...##.....
####............@######...##.....
.# #...........o.................
.# #.............######...###'###
)# #..#'######'#...............##
.####.#.#### #.#.####............
...##.#..>.###.#.# ###.......###
####.##........#.######..........
# ##.##.########.............(...
# #.##...........................


You could see an orc priest and an orc.

Vanquished Creatures
  A howler monkey skeleton (D:2)
  2 adders (D:2)
  A worm (D:2)
  4 dart slugs
  A bat (D:1)
  2 endoplasms (D:1)
  A giant cockroach (D:2)
  5 goblins
  3 hobgoblins
  8 jackals (D:1)
  3 quokkas
  4 ball pythons (D:2)
  A frilled lizard (D:1)
  2 kobolds
  4 rats (D:2)
42 creatures vanquished.

Notes
Turn   | Place    | Note
-------+----------+-------------------------------------------
     0 | D:1      | CryoSword the Demonspawn Monk began the quest for the Orb.
     0 | D:1      | Reached XP level 1. HP: 18/18 MP: 1/1
   216 | D:1      | Gained mutation: Your touch may inflict minor irresistible
                  | damage on your foes. [demonic ancestry]
   216 | D:1      | Reached XP level 2. HP: 18/24 MP: 2/2
   604 | D:1      | Reached XP level 3. HP: 29/29 MP: 3/3
  1228 | D:2      | Found a faded altar of an unknown god.
  1338 | D:2      | Gained mutation: Your touch may inflict irresistible damage
                  | on your foes. [demonic ancestry]
  1338 | D:2      | Reached XP level 4. HP: 34/37 MP: 4/4
  1412 | D:2      | Found Duod's One-of-a-Kind Rings.
  1877 | D:2      | Killed from afar by an orc priest

Illustrated notes

Levels and vault maps discovered:
D:1:      erik_arrival_triangle_small, layout_rooms
D:2:      layout_basic, hellmonk_ecumenical_altar_leap_of_faith,
          nicolae_shop_unique_rings, grunt_decor_clamped
D:3:      layout_loops_corners, uniq_jessica

Skill      XL: |  1  2 |
---------------+-------+-----
Stealth        | 2 |  2.9
Dodging        | 3 |  3.4
Fighting       | |  3.8
Polearms       | |  2.6

Action                   |  1- 3 |  4- 6 || total
-------------------------+-------+-------++-------
Melee: Spear             |   123 |    20 ||   143
       Touch             |    13 |     3 ||    16
       Punch             |     1 |       ||     1
 Stab: Sleeping          |     3 |     3 ||     6
Armor: Robe              |    12 |       ||    12
       Leather armour    |     4 |     1 ||     5
Dodge: Dodged            |    58 |     8 ||    66
